 Dungeon Crawl Stone Soup version 0.28-a0-1510-gd0f6b136d3 (webtiles) character file.

Game seed: 1970550072949740262

5037 unlimited1921 the Skirmisher (level 10, 0/102 HPs)
             Began as an Ogre Fire Elementalist on Jan 14, 2022.
             Was a Priest of Cheibriados (penitent).
             Slain by riojii's ghost (12 damage)
             ... on level 6 of the Dungeon.
             The game lasted 01:40:03 (18814 turns).

unlimited1921 the Skirmisher (OgFE)                Turns: 18814, Time: 01:40:03

Health: 0/102      AC:  9    Str: 18    XL:     10   Next: 55%
Magic:  8/21       EV:  3    Int: 16    God:    Cheibriados [*]
Gold:   375        SH: 23    Dex:  6    Spells: 12/23 levels left

rFire   + . .      SeeInvis +   o - +3 scimitar "Owist" {pain, rC+++ Will+ Dex-3 SInv}
rCold   + + +      Faith    +   p - +18 shield of the Gong {rElec rN+ Will+ EV-5}
rNeg    + . .      Spirit   .   a - +1 robe
rPois   +          Reflect  .   (helmet restricted)
rElec   +          Harm     .   N - +0 cloak {rPois}
rCorr   .          Rampage  .   (gloves unavailable)
Will    +++..                   (boots unavailable)
Stlth   +.........              H - amulet of faith
HPRegen 0.27/turn               k - +4 ring of protection
MPRegen 0.17/turn               u - ring of protection from fire

@: hasted, quick
A: large, unfitting armour, tough skin 1, MP-powered wands
a: Renounce Religion


You were on level 6 of the Dungeon.
You worshipped Cheibriados.
Cheibriados was demanding penance.
You visited 2 branches of the dungeon, and saw 9 of its levels.

You collected 375 gold pieces.

Inventory:

Hand Weapons
 b - a +2 dagger of venom
 e - a +4 war axe
 f - a +0 war axe
 g - a +0 hunting sling
 j - a +1 short sword of freezing
 o - the +3 scimitar "Owist" (weapon) {pain, rC+++ Will+ Dex-3 SInv}
   (You took it off an orc on level 8 of the Dungeon)

   In the hands of one skilled in necromantic magic, it inflicts extra damage on
   living creatures.
   Dex:       It affects your dexterity (-3).
   rC:        It renders you almost immune to cold.
   SInv:      It lets you see invisible.
   Will:      It increases your willpower.
 s - a +0 vampiric short sword
 t - a +2 flail of protection
 P - a +0 long sword
 U - a +4 quarterstaff of chaos
Missiles
 c - 149 stones
 l - 19 poisoned darts
 x - 58 bolts
 A - 11 boomerangs (quivered)
 F - 50 sling bullets
Armour
 a - a +1 robe (worn)
 p - the +18 shield of the Gong (worn) {rElec rN+ Will+ EV-5}
   (You found it on level 8 of the Dungeon)

   It is deafeningly noisy when blocking attacks.
   EV:        It affects your evasion (-5).
   rElec:     It insulates you from electricity.
   rN:        It protects you from negative energy.
   Will:      It increases your willpower.
 N - a +0 cloak of poison resistance (worn)
Jewellery
 k - a +4 ring of protection (left hand)
 u - a ring of protection from fire (right hand)
 w - a ring of willpower
 C - a ring of poison resistance
 H - an amulet of faith (around neck)
Wands
 i - a wand of charming (10)
 B - a wand of polymorph (10)
 Q - a wand of iceblast (8)
Scrolls
 n - a scroll of amnesia
 r - a scroll of silence {unknown}
 z - a scroll of summoning {unknown}
 D - a scroll of enchant weapon
 E - a scroll of enchant armour
 G - a scroll of fog
 I - a scroll of holy word {unknown}
 J - 2 scrolls of vulnerability
Potions
 d - a potion of berserk rage {unknown}
 m - a potion of invisibility
 q - 3 potions of attraction
 v - a potion of lignification
 K - a potion of ambrosia {unknown}
 L - 2 potions of mutation
 T - a potion of flight {unknown}


   Skills:
 * Level 7.3 Fighting
 - Level 0.6(3.8) Axes
 * Level 5.5(5.6) Maces & Flails
 * Level 3.6 Throwing
 + Level 3.2 Dodging
 - Level 2.0 Stealth
 * Level 7.3 Spellcasting
 + Level 4.5 Conjurations
 + Level 4.1 Hexes
 * Level 1.6 Translocations
 + Level 6.3 Fire Magic


You had 12 spell levels left.
You knew the following spells:

 Your Spells              Type           Power      Damage    Failure   Level
a - Foxfire               Conj/Fire      92%        2x1d8     3%          1
b - Inner Flame           Hex/Fire       22%        N/A       11%         3
c - Flame Wave            Conj/Fire      23%        2d6       34%         4
d - Teleport Other        Tloc           11%        N/A       43%         3

Your spell library contained the following spells:

 Spells                   Type           Power      Damage    Failure   Level
 Scorch                   Fire           52%        2d7       3%          2
 Conjure Flame            Conj/Fire      23%        6-21      11%         3
 Shock                    Conj/Air       52%        1d6       13%         1
 Stone Arrow              Conj/Erth      26%        3d8       36%         3
 Gell's Gravitas          Tloc           11%        N/A       43%         3
 Lesser Beckoning         Tloc           11%        N/A       43%         3
 Swiftness                Air            5%         N/A       67%         3
 Airstrike                Air            2%         N/A       97%         4
 Animate Armour           Summ/Erth      10%        N/A       97%         4
 Lehudib's Crystal Spear  Conj/Erth      6%         10d3      100%        8


Dungeon Overview and Level Annotations

Branches:
Dungeon (8/15)             Temple (1/1) D:5
   Lair: D:8-11

Altars:
Ashenzari
Cheibriados
Gozag
Makhleb
Trog
Uskayaw
Yredelemnul
Beogh

Shops:
D:4 (   D:8 *

Annotations:
D:6 riojii's ghost, novice DDFi


Innate Abilities, Weirdness & Mutations

You are too large for most types of armour.
You have tough skin. (AC +1)
You expend magic power (3 MP) to strengthen your wands.


Message History

* * * LOW HITPOINT WARNING * * *
You block riojii's ghost's attack.
SHROANNG!
Riojii's ghost hits you!
* * * LOW HITPOINT WARNING * * *
You block riojii's ghost's attack.
GONNNNG!
You block riojii's ghost's attack.
GONNNNG!
Riojii's ghost shouts, "To die, to sleep, no more."
You block riojii's ghost's attack.
PTOANNNG!
You block riojii's ghost's attack.
PTOANNNG!
You block riojii's ghost's attack.
GONNNNG!
Riojii's ghost hits you.
* * * LOW HITPOINT WARNING * * *
You open the door. You block riojii's ghost's attack.
GONNNNG!
You block riojii's ghost's attack.
SHROANNG!
There is an open door here.
Riojii's ghost hits you.
* * * LOW HITPOINT WARNING * * *
As you read the scroll of fear, it crumbles to dust.
You assume a fearsome visage.
Riojii's ghost is unaffected.
You block riojii's ghost's attack.
GONNNNG!
You feel yourself speed up.
Cheibriados thinks you should slow down.
You feel extremely guilty.
Cheibriados lowers the support of your attributes as your movement quickens. "You will pay for your transgression, mortal!"
You block riojii's ghost's attack.
PTOANNNG!
You block riojii's ghost's attack.
GONNNNG!
Riojii's ghost hits you!
You die...

.......'...###.##.......#........
.......###.# #.##.......#........
.......# #.###..#.......+........
.......# #.#............#'#######
.......# #.#.##.....#......#
.......###.#.###....#.....)#
.#####.....#.# #....#....[.#
.#####.#####.###.......<...#
.......# #.#.W@>.######'##
.####### #.#.###........# .#
#.#.##.......### .#
#.#.##.......# .#
######.#.##.......##### .####
#...##.#.##...........# ..:.#
#...##.#.####.........#
###.###...##.#.# #.........#
....##....'..#.# #.........#


You could see riojii's ghost.

Vanquished Creatures
  A cyclops (D:6)
  2 vault sentinels (D:7)
  Prince Ribbit (D:7)
  A shadow (D:7)
  3 water moccasins
  3 ice beasts
  A sky beast (D:8)
  4 black bears
  3 orc warriors
  An ogre (D:5)
  4 necrophages
  2 phantoms
  3 kobold brigands
  3 bullfrogs
  3 scorpions
  A water moccasin skeleton (D:5)
  5 wights (D:8)
  2 howler monkeys (D:8)
  2 centaur zombies (D:8)
  2 jellies (D:5)
  A gnoll shaman (D:4)
  3 hounds
  4 orc priests
  Crazy Yiuf (D:7)
  3 iguanas
  5 orc wizards
  A scorpion zombie (D:5)
  A hound zombie (D:5)
  A hound skeleton (D:5)
  6 gnolls
  2 adders
  A river rat (D:5)
  2 shadow imps
  A white imp (D:7)
  An ufetubus (D:4)
  An adder skeleton (D:4)
  3 worms
  4 dart slugs
  38 orcs
  6 ball pythons
  3 endoplasms
  4 giant cockroaches
  3 hobgoblins
  21 kobolds
  A quokka (D:5)
  3 bats
  3 frilled lizards
  5 goblins
  5 rats
180 creatures vanquished.

Vanquished Creatures (others)
  709 foxfires
709 creatures vanquished.

Grand Total: 889 creatures vanquished

Notes
Turn   | Place    | Note
-------+----------+-------------------------------------------
     0 | D:1      | unlimited1921 the Ogre Fire Elementalist began the quest
                  | for the Orb.
     0 | D:1      | Reached XP level 1. HP: 16/16 MP: 3/3
   566 | D:1      | Found a faded altar of an unknown god.
   607 | D:1      | Reached XP level 2. HP: 9/24 MP: 0/5
  1631 | D:1      | Reached skill level 1 in Conjurations
  2446 | D:2      | Reached XP level 3. HP: 31/31 MP: 1/7
  5857 | D:3      | Reached XP level 4. HP: 40/40 MP: 2/8
  6208 | D:3      | Found a broken altar of Ashenzari.
  6874 | D:3      | Learned a level 3 spell: Inner Flame
  7059 | D:4      | Found Roxia's Antique Weapon Emporium.
  7712 | D:4      | Noticed a black bear
  7730 | D:4      | Killed a black bear
  7731 | D:4      | Reached skill level 1 in Fighting
  7731 | D:4      | Reached skill level 1 in Maces & Flails
  7731 | D:4      | Reached skill level 1 in Hexes
  7731 | D:4      | Reached XP level 5. HP: 25/48 MP: 2/10
  8169 | D:4      | Reached XP level 6. HP: 55/55 MP: 2/11
  8271 | D:5      | Entered Level 5 of the Dungeon
  8620 | D:5      | Reached XP level 7. HP: 65/65 MP: 8/12
  9501 | D:5      | HP: 3/66 [black bear (4)]
  9501 | D:5      | HP: 1/66 [something (2)]
  9848 | D:5      | Reached XP level 8. HP: 40/75 MP: 9/14
 10632 | D:5      | Found a staircase to the Ecumenical Temple.
 10649 | Temple   | Entered the Ecumenical Temple
 10654 | Temple   | Became a worshipper of Cheibriados the Contemplative
 11382 | D:5      | Reached skill level 5 in Spellcasting
 12357 | D:6      | Reached skill level 5 in Fire Magic
 12409 | D:6      | Reached XP level 9. HP: 85/85 MP: 11/17
 12530 | D:6      | Noticed a cyclops
 12550 | D:6      | Reached skill level 1 in Throwing
 12559 | D:6      | Killed a cyclops
 12560 | D:6      | Reached skill level 5 in Fighting
 13020 | D:6      | Reached * piety under Cheibriados
 13337 | D:6      | Gained mutation: You expend magic power (3 MP) to
                  | strengthen your wands. [potion of mutation]
 13483 | D:7      | Noticed Prince Ribbit
 13489 | D:7      | Killed Prince Ribbit
 14353 | D:7      | Reached skill level 5 in Maces & Flails
 14820 | D:7      | Reached XP level 10. HP: 97/100 MP: 6/20
 15283 | D:7      | Found a runed translucent door.
 15284 | D:7      | Noticed Crazy Yiuf
 15462 | D:7      | Killed Crazy Yiuf
 15462 | D:7      | Reached ** piety under Cheibriados
 15818 | D:8      | Found Meake's Mayhem Merchandise.
 16214 | D:8      | Learned a level 4 spell: Flame Wave
 16218 | D:8      | Learned a level 3 spell: Teleport Other
 16345 | D:8      | Noticed a vault sentinel
 16348 | D:8      | Noticed a vault sentinel
 16504 | D:7      | Identified a scroll of acquirement
 16505 | D:7      | Acquired the +1 gold dragon scales of the Thistle {rPois
                  | rF+ rC+ Str+9}
 16592 | D:7      | Killed a vault sentinel
 16601 | D:7      | Killed a vault sentinel
 16602 | D:7      | Reached skill level 1 in Translocations
 16813 | D:8      | Identified the +3 scimitar "Owist" {pain, rC+++ Will+ Dex-3
                  | SInv}
 16828 | D:8      | Reached *** piety under Cheibriados
 17164 | D:8      | Found the +18 shield of the Gong {rElec rN+ Will+ EV-5}
 17189 | D:8      | Noticed riojii's ghost (novice DDFi)
 17190 | D:8      | Found a runed translucent gate.
 17191 | D:8      | Found a runed translucent gate.
 17192 | D:8      | Found a runed translucent gate.
 18798 | D:6      | Was placed under penance by Cheibriados
 18814 | D:6      | Slain by riojii's ghost

Illustrated notes

Levels and vault maps discovered:
D:1:      noname_arrival_rooms_in_the_neighbourhood, layout_basic,
          shapermc_ecumenical_altar_mp_ritualfount, hangedman_decor_riveting
D:2:      layout_loops_corners
D:3:      layout_basic, marbit_many_paths
D:4:      layout_cave_pools, serial_shops, shop, hangedman_glass_teeth
D:5:      layout_basic, temple_hall, gup_sewer_entry_bowl
D:6:      layout_basic
D:7:      layout_cave_pools, nicolae_ossuary_entry_monument,
          uniq_crazy_yiuf_cottage, uniq_prince_ribbit1
D:8:      layout_basic, biasface_ghost_orc_armoury, minmay_shop_mayhem,
          grunt_decor_fettered, hellmonk_guarded_unrand_gong
Temple:   grunt_wide_crystal_templ

Skill      XL: |  1  2  3  4  5  6  7  8  9 10 |
---------------+-------------------------------+-----
Dodging        | 2 3 |  3.2
Fire Magic     | 3 4 5 6 |  6.3
Conjurations   | 1 2 3 4 |  4.5
Spellcasting   | 3 4 5 6 7 |  7.3
Fighting       | 1 2 3 4 6 7 |  7.3
Maces & Flails | 1 2 3 4 5 |  5.5
Hexes          | 1 2 3 4 |  4.1
Stealth        | 2 |  2.0
Throwing       | 2 3 |  3.6
Translocations | 1 |  1.6
Axes           | |  0.6

Action                   |  1- 3 |  4- 6 |  7- 9 | 10-12 || total
-------------------------+-------+-------+-------+-------++-------
Melee: Dagger            |     2 |       |       |       ||     2
       Hand axe          |     3 |     2 |       |       ||     5
       Flail             |       |     5 |    33 |     6 ||    44
       Scimitar          |       |       |       |    25 ||    25
       Punch             |       |       |       |     1 ||     1
Throw: Boomerang         |       |       |       |     5 ||     5
       Large rock        |       |       |       |     2 ||     2
       Dart              |       |       |       |     1 ||     1
 Cast: Foxfire           |    81 |    80 |   172 |    94 ||   427
       Inner Flame       |       |       |    45 |    37 ||    82
       Flame Wave        |       |       |       |    11 ||    11
Invok: Bend Time         |       |       |       |     1 ||     1
Evoke: Wand              |       |       |       |     6 ||     6
  Use: Scroll            |     3 |       |     6 |     5 ||    14
       Potion            |     1 |       |     5 |     2 ||     8
Armor: Robe              |     6 |    16 |    92 |    33 ||   147
Dodge: Dodged            |     8 |    14 |    87 |    28 ||   137
Block: Kite shield       |       |       |       |   129 ||   129

Table legend: (Time is in decaauts)
 A = Elapsed time spent in this place.
 B = Non-inter-level travel time spent in this place.
 C = Inter-level travel time spent in this place.
 D = Time resting spent in this place.
 E = Time spent auto-exploring this place.
 F = Levels seen in this place.
 G = Mean time per level.
                   A        B        C        D        E       F      G
               +--------+--------+--------+--------+--------+-----+--------+
         Total |  20081 |  19006 |   1075 |  11698 |   4901 |   9 | 2231.2 |
       Dungeon |  20069 |  19003 |   1066 |  11698 |   4901 |   8 | 2508.6 |
        Temple |     11 |      2 |      9 |      0 |      0 |   1 |   11.0 |
               +--------+--------+--------+--------+--------+-----+--------+

Top non-repeatable levels by time:
     D:7: 3608 daAuts
     D:2: 2802 daAuts
     D:5: 2695 daAuts
     D:1: 2434 daAuts
     D:6: 2424 daAuts
     D:8: 2328 daAuts
     D:3: 2013 daAuts
     D:4: 1762 daAuts
  Temple: 11 daAuts
